 Dungeon Crawl Stone Soup version 0.28-a0-1624-g820543e53a (webtiles) character file.

Game seed: 6785741403432724422

1432 issech the Cudgeller (level 8, -2/118 HPs)
             Began as a Troll Monk on Jan 23, 2022.
             Slain by an orc warrior (6 damage)
             ... on level 6 of the Dungeon.
             The game lasted 00:25:31 (4661 turns).

issech the Cudgeller (Troll Monk)                   Turns: 4661, Time: 00:25:32

Health: -2/118     AC: 24    Str: 20    XL:     8   Next: 45%
Magic:  0/7        EV:  1    Int:  6    God:
Gold:   209        SH:  0    Dex: 20    Spells: 7/7 levels left

rFire   . . .      SeeInvis .   r - +4 whip
rCold   . . .      Faith    .   (no shield)
rNeg    . . .      Spirit   +   (armour currently unavailable)
rPois   +          Reflect  .   (helmet currently unavailable)
rElec   .          Harm     .   (cloak currently unavailable)
rCorr   .          Rampage  .   (gloves unavailable)
Will    .....      NoTele   +   (boots unavailable)
Stlth   +.........              n - amulet of guardian spirit
HPRegen 1.09/turn               g - +6 ring of dexterity
MPRegen 0.10/turn               (no ring)

@: tree-form, silenced
A: stationary, stasis, torment immunity, boosted hp, large, unfitting armour,
(claws 3), regeneration 1, (shaggy fur 1), (tough skin 1)
a: no special abilities


You were on level 6 of the Dungeon.
You were a tree.
You visited 1 branch of the dungeon, and saw 6 of its levels.

You collected 209 gold pieces.

Inventory:

Hand Weapons
 a - a +0 mace
 c - a +0 dagger of speed
 l - a +1 dagger of speed
 m - a +0 hand axe of venom
 o - a +0 scythe
 r - a +4 whip (weapon)
 t - a +1 dagger of venom
Missiles
 f - 28 stones (quivered)
 h - 14 bolts
 j - 11 sling bullets
 y - 21 arrows
Armour
 b - a +0 robe (melded)
Magical Staves
 k - a staff of cold
Jewellery
 g - a +6 ring of dexterity (left branch)
 n - an amulet of guardian spirit (around neck)
 z - a ring of flight
Wands
 q - a wand of acid (8)
 w - a wand of digging (11)
Scrolls
 x - a scroll of enchant weapon
Potions
 e - 2 potions of curing {unknown}
 i - 3 potions of lignification
 p - 2 potions of might {unknown}
 u - a potion of flight {unknown}
 v - a potion of degeneration {unknown}


   Skills:
 + Level 4.4 Fighting
 + Level 6.9 Maces & Flails
 + Level 5.2 Dodging
 + Level 2.0 Stealth


You had 7 spell levels left.
You didn't know any spells.
Your spell library contained the following spells:

 Spells                   Type           Power      Damage    Failure   Level
 Corpse Rot               Necr/Air       0%         N/A       58%         2
 Poisonous Vapours        Pois/Air       0%         N/A       58%         2


Dungeon Overview and Level Annotations

Branches:
Dungeon (6/15)
 Temple: D:4-7

Altars:
Kikubaaqudgha

Shops:
D:1 ![?[

Annotations:
D:4 Natasha
D:5 Dowan, Duvessa


Innate Abilities, Weirdness & Mutations

You are a tree.
Your roots penetrate the ground, keeping you stationary.
You cannot be teleported.
You are immune to unholy pain and torment.
Your maximum health is greatly increased.
Your equipment is partially melded.
You are too large for most types of armour.
((You have claws for hands.))
Your natural rate of healing is unusually fast.
((You are covered in fur. (AC +1)))
((You have tough skin. (AC +1)))


Message History

The orc warrior hits you with a +0 dire flail.
* * * LOW HITPOINT WARNING * * *
You hit the orc warrior.
The orc warrior is heavily wounded.
The orc wizard gestures wildly while chanting.
The orc wizard flickers and vanishes!
Deactivating autopickup; reactivate with Ctrl-A.
The orc warrior hits you but does no damage.
Okay, then.
You completely miss the orc warrior.
The orc warrior is heavily wounded.
The orc warrior hits you with a +0 dire flail!
* * * LOW HITPOINT WARNING * * *
You closely miss the orc warrior.
The orc warrior is heavily wounded.
You hit the orc warrior.
The orc warrior is heavily wounded.
The orc warrior hits you but does no damage.
You hit the orc warrior but do no damage.
The orc warrior is heavily wounded.
The orc warrior hits you with a +0 dire flail!
* * * LOW HITPOINT WARNING * * *
As you read the scroll labelled RAHIZA BOVUFEON, it crumbles to dust.
A profound silence engulfs you.
It was a scroll of silence.
The orc warrior hits you but does no damage.
You hit the orc warrior but do no damage.
The orc warrior is heavily wounded.
The orc warrior hits you but does no damage.
You closely miss the orc warrior.
The orc warrior is heavily wounded.
Unknown command.
You barely miss the orc warrior.
The orc warrior is heavily wounded.
The orc warrior hits you with a +0 dire flail!
* * * LOW HITPOINT WARNING * * *
A hound comes into view.
You hit the orc warrior but do no damage.
The orc warrior is heavily wounded.
The orc warrior hits you with a +0 dire flail!
You die...

######### #.......o
#o####### #.# #†#
### #.# #♣# #o# #o#
#.#
##{########.#######
#..h.o.............
########.o..#######
#....# #......#
#....#...
#...>.....


You could see an orc warrior and a hound.

Vanquished Creatures
  Pikel (D:6)
  Sigmund (D:3)
  A sky beast (D:6)
  A black bear (D:4)
  3 lemures
  A water moccasin zombie (D:5)
  A vampire bat (D:4)
  A hound (D:4)
  An orc priest (D:6)
  A jelly (D:5)
  A centaur skeleton (D:4)
  3 iguanas (D:4)
  An orc wizard (D:4)
  Natasha (D:4)
  A killer bee zombie (D:5)
  A hound skeleton (D:4)
  A gnoll (D:1)
  A howler monkey skeleton (D:3)
  10 adders
  An adder skeleton (D:4)
  3 worms
  6 dart slugs
  4 orcs
  3 bat skeletons (D:4)
  3 bat zombies (D:4)
  8 endoplasms
  3 giant cockroaches
  7 goblins
  9 hobgoblins
  10 jackals
  5 quokkas
  6 ball pythons
  8 bats
  4 frilled lizards
  6 kobolds
  6 rats
124 creatures vanquished.

Notes
Turn   | Place    | Note
-------+----------+-------------------------------------------
     0 | D:1      | issech the Troll Monk began the quest for the Orb.
     0 | D:1      | Reached XP level 1. HP: 22/22 MP: 0/0
    94 | D:1      | Reached XP level 2. HP: 29/29 MP: 1/1
   229 | D:1      | Found Wuhew's Antique Armour Shop.
   302 | D:1      | Found Kuitoaf's Magic Scroll Shop.
   318 | D:1      | Found Onopnysu's Distillery.
   371 | D:1      | Reached skill level 3 in Maces & Flails
   397 | D:1      | Reached XP level 3. HP: 9/36 MP: 2/2
   397 | D:1      | Found Lezxiu Lami's Armour Boutique.
  1296 | D:2      | Reached XP level 4. HP: 44/44 MP: 3/3
  1695 | D:3      | Noticed Sigmund
  1756 | D:3      | Killed Sigmund
  1757 | D:3      | Reached skill level 4 in Maces & Flails
  1757 | D:3      | Reached XP level 5. HP: 24/53 MP: 0/4
  1799 | D:3      | Found a faded altar of an unknown god.
  1868 | D:3      | Reached XP level 6. HP: 61/61 MP: 5/5
  2891 | D:4      | Reached skill level 5 in Maces & Flails
  3206 | D:4      | Found an ancient bone altar of Kikubaaqudgha.
  3525 | D:4      | Reached XP level 7. HP: 56/67 MP: 3/6
  3632 | D:4      | Noticed Natasha
  3660 | D:4      | Killed Natasha
  3805 | D:5      | Entered Level 5 of the Dungeon
  4150 | D:5      | Noticed Pikel
  4224 | D:4      | Noticed Natasha
  4260 | D:5      | Noticed Duvessa
  4260 | D:5      | Noticed Dowan
  4496 | D:6      | Reached skill level 6 in Maces & Flails
  4642 | D:6      | Killed Pikel
  4643 | D:6      | Reached skill level 5 in Dodging
  4643 | D:6      | Reached XP level 8. HP: 40/79 MP: 2/7
  4660 | D:6      | HP: 4/118 [orc warrior (11)]
  4661 | D:6      | Slain by an orc warrior

Illustrated notes

Levels and vault maps discovered:
D:1:      amcnicky_arrival_single_pillar, layout_basic, serial_shops,
          nicolae_shop_advertising_works [nicolae_subvault_shop_adworks], shop,
          nicolae_shop_hallway_stairs, shop
D:2:      layout_basic
D:3:      minmay_skewed_foursquare, layout_loops_cross,
          shapermc_ecumenical_altar_starsandcircs, minmay_quantized,
          uniq_sigmund
D:4:      layout_gridville, kennysheep_vampire_church, uniq_natasha
D:5:      layout_basic, minmay_temple_entry_proselytizer, serial_shops,
          nicolae_shop_stone, uniq_duvessa, uniq_ijyb, uniq_pikel
D:6:      layout_basic, mainiacjoe_overflow_small_starburst, zin_scriptorium,
          tso_altar

Skill      XL: |  1  2  3  4  5  6  7 |
---------------+----------------------+-----
Maces & Flails | 3 4 5 6 |  6.9
Dodging        | 3 5 |  5.2
Fighting       | 3 4 |  4.4
Stealth        | 2 |  2.0

Action                   |  1- 3 |  4- 6 |  7- 9 || total
-------------------------+-------+-------+-------++-------
Melee: Mace              |   149 |    82 |       ||   231
       Punch             |     3 |     4 |       ||     7
       Whip              |       |   152 |   177 ||   329
Throw: Stone             |       |       |     2 ||     2
  Use: Scroll            |     1 |     8 |     2 ||    11
       Potion            |       |       |     2 ||     2
 Stab: Sleeping          |     1 |     3 |     1 ||     5
Armor: Robe              |    74 |    71 |    52 ||   197
       Skin              |       |       |    13 ||    13
Dodge: Dodged            |   118 |   160 |   140 ||   418

Table legend: (Time is in decaauts)
 A = Elapsed time spent in this place.
 B = Non-inter-level travel time spent in this place.
 C = Inter-level travel time spent in this place.
 D = Time resting spent in this place.
 E = Time spent auto-exploring this place.
 F = Levels seen in this place.
 G = Mean time per level.
                   A        B        C        D        E       F      G
               +--------+--------+--------+--------+--------+-----+--------+
         Total |   4675 |   4648 |     27 |    355 |   1860 |   6 |  779.2 |
       Dungeon |   4675 |   4648 |     27 |    355 |   1860 |   6 |  779.2 |
               +--------+--------+--------+--------+--------+-----+--------+

Top non-repeatable levels by time:
     D:4: 1254 daAuts
     D:3: 1040 daAuts
     D:1: 931 daAuts
     D:2: 807 daAuts
     D:6: 379 daAuts
     D:5: 262 daAuts
